 Dungeon Crawl Stone Soup version 0.19.5 (webtiles) character file.

96 Chifra the Skirmisher (level 4, 0/37 HPs)
             Began as a Demonspawn Fighter on May 13, 2017.
             Slain by Natasha (4 damage)
             ... on level 2 of the Dungeon.
             The game lasted 00:07:39 (2507 turns).

Chifra the Skirmisher (Demonspawn Fighter)          Turns: 2507, Time: 00:07:39

Health: 0/37       AC:  6    Str: 21    XL:     4   Next: 41%
Magic:  4/4        EV:  8    Int: 10    God:
Gold:   182        SH:  9    Dex: 16    Spells: 0 memorised, 3 levels left

rFire  . . .     SeeInvis .     a - +0 flail
rCold  . . .     Gourm    .     b - +0 scale mail
rNeg   . . .     Faith    .     c - +0 shield
rPois  .         Spirit   .     (no helmet)
rElec  .         Reflect  .     (no cloak)
rCorr  .         Harm     .     (no gloves)
MR     +....                    (no boots)
Stlth  ..........               (no amulet)
                                i - ring of protection from magic
                                e - +3 ring of dexterity

@: mighty
A: claws 2, sturdy frame 1
a: no special abilities


You were on level 2 of the Dungeon.
You were hungry.

You visited 1 branch of the dungeon, and saw 3 of its levels.

You collected 182 gold pieces.

Inventory:

Hand Weapons
 a - a +0 flail (weapon)
Armour
 b - a +0 scale mail (worn)
 c - a +0 shield (worn)
Jewellery
 e - a +3 ring of dexterity (left claw)
 i - a ring of protection from magic (right claw)
Scrolls
 h - 2 scrolls of teleportation
 l - a scroll of remove curse {unknown}
 o - 4 scrolls of identify {unknown}
 q - a scroll of noise {unknown}
 t - a scroll of fear {unknown}
Potions
 d - a potion of might
 j - a potion of mutation {unknown}
 k - a potion of cancellation {unknown}
 m - a potion of agility {unknown}
 n - 3 potions of heal wounds {unknown}
 p - 2 potions of curing {unknown}
 u - a potion of flight {unknown}
 v - a potion of cure mutation {unknown}
Comestibles
 f - 2 bread rations
 g - a meat ration
 r - a slice of pizza
 s - 2 chunks of flesh


   Skills:
 + Level 3.9 Fighting
 + Level 2.5 Maces & Flails
 + Level 3.1 Armour
 + Level 1.0 Dodging
 + Level 3.0 Shields


You had 3 spell levels left.
You didn't know any spells.

Dungeon Overview and Level Annotations

Branches:
Dungeon (3/15)

Altars:

Annotations:
D:2 Natasha


Innate Abilities, Weirdness & Mutations

You have very sharp fingernails.
Your movements are slightly less encumbered by armour. (ER -2)


Message History

You miss Natasha.
Natasha is heavily wounded.
Natasha casts a spell at you. The magic dart hits you!
* * * LOW HITPOINT WARNING * * *
The white imp gestures at you. You block the puff of frost.
You feel very mighty all of a sudden. Natasha claws you!
* * * LOW HITPOINT WARNING * * *
You block the white imp's attack.
You completely miss Natasha.
Natasha is heavily wounded.
Natasha wildly gestures.
Natasha's front paws start to glow.
Natasha claws you but does no damage. The white imp closely misses you.
Natasha mumbles some strange words.
You feel troubled. Natasha claws you.
You die...

#....#.....##..............#
#.#..+..............##.....######
#.####...#..#.#..................
#...............##...............
#................................
#.........#.#...###..(...........
#...............#................
#.......#.#.....5................
#............>).@h............###
####........#......##########.. .
# #...........#.................
####...........##.......#####....
.................................
.....##+#+#+#.####.......########
.....# #.....##.......#.......
.##########.....##.......#.......
.................#.......#.......


You could see Natasha and a white imp.

Vanquished Creatures
  Natasha (D:2)
  A worm (D:2)
  2 dart slugs
  3 leopard geckos (D:1)
  A bat zombie (D:1)
  2 giant cockroaches (D:2)
  4 goblins
  6 hobgoblins
  10 jackals
  7 kobolds
  A quokka (D:2)
  5 bats
  3 frilled lizards
  A giant cockroach zombie (D:1)
  11 rats
58 creatures vanquished.

Notes
Turn   | Place    | Note
-------+----------+-------------------------------------------
     0 | D:1      | Chifra the Demonspawn Fighter began the quest for the Orb.
     0 | D:1      | Reached XP level 1. HP: 18/18 MP: 1/1
   364 | D:1      | Gained mutation: You have sharp fingernails. [demonic ancestry]
   364 | D:1      | Reached XP level 2. HP: 21/24 MP: 2/2
  1022 | D:1      | Gained mutation: Your movements are slightly less encumbered by armour. (ER -2) [demonic ancestry]
  1022 | D:1      | Reached XP level 3. HP: 28/29 MP: 3/3
  2273 | D:2      | Gained mutation: You have very sharp fingernails. [demonic ancestry]
  2273 | D:2      | Reached XP level 4. HP: 36/37 MP: 4/4
  2472 | D:3      | Noticed Natasha
  2480 | D:2      | Killed Natasha
  2480 | D:2      | Reached skill level 1 in Dodging
  2495 | D:2      | Noticed Natasha
  2507 | D:2      | Slain by Natasha

Skill      XL: |  1  2  3  4 |
---------------+-------------+-----
Maces & Flails | 2 |  2.5
Shields        | 3 |  3.0
Armour         | 3 |  3.1
Dodging        | 1 |  1.0
Fighting       | |  3.9

Action                   |  1- 3 |  4- 6 || total
-------------------------+-------+-------++-------
Melee: Flail             |   199 |    18 ||   217
  Use: Scroll            |     1 |       ||     1
       Potion            |       |     1 ||     1
  Eat: Chunk             |     4 |     1 ||     5
Armor: Scale mail        |   109 |    10 ||   119
Dodge: Dodged            |    63 |     8 ||    71
Block: Shield            |   109 |     7 ||   116
